 Dungeon Crawl Stone Soup version 0.28.0-53-g5a82cb258f (webtiles) character file.

Game seed: 15095764608765366878

168 mcbry74 the Chopper (level 5, 0/46 HPs)
             Began as a Hill Orc Fighter on July 8, 2022.
             Was a Plaything of Xom.
             Hit by a stone thrown by a kobold (1 damage)
             ... on level 4 of the Dungeon.
             The game lasted 00:05:24 (2857 turns).

mcbry74 the Chopper (Hill Orc Fighter)              Turns: 2857, Time: 00:05:24

Health: 0/46       AC:  7    Str: 19    XL:     5   Next: 48%
Magic:  5/5        EV:  9    Int: 10    God:    Xom [....*.]
Gold:   90         SH:  4    Dex: 10    Spells: 3/4 levels left

rFire   . . .      SeeInvis .   a - +0 war axe
rCold   . . .      Faith    .   c - +0 buckler
rNeg    . . .      Spirit   .   b - +0 scale mail
rPois   .          Reflect  .   (no helmet)
rElec   .          Harm     .   (no cloak)
rCorr   .          Rampage  .   (no gloves)
Will    .....                   (no boots)
Stlth   ..........              (no amulet)
HPRegen 0.15/turn               (no ring)
MPRegen 0.09/turn               (no ring)

@: lethally poisoned (0 -> -2)
A: no striking features
a: Renounce Religion


You were on level 4 of the Dungeon.
You worshipped Xom.
You were a beloved toy of Xom.
You visited 1 branch of the dungeon, and saw 4 of its levels.

You collected 90 gold pieces.

Inventory:

Hand Weapons
 a - a +0 war axe (weapon)
Missiles
 g - 4 boomerangs (quivered)
 l - 2 silver boomerangs
Armour
 b - a +0 scale mail (worn)
 c - a +0 buckler (worn)
Scrolls
 e - a scroll of blinking {unknown}
 i - a scroll of fear {unknown}
 j - a scroll of identify {unknown}
Potions
 d - 2 potions of might
 f - a potion of curing
 h - 2 potions of brilliance {unknown}
 k - a potion of haste {unknown}
 m - a potion of degeneration {unknown}


   Skills:
 - Level 4.0 Fighting
 + Level 4.6 Axes
 + Level 4.5 Armour
 - Level 4.0 Shields
 + Level 1.6 Conjurations


You had 3 spell levels left.
You knew the following spells:

 Your Spells              Type           Power      Damage    Failure   Level
a - Magic Dart            Conj           12%        1d3       58%         1

Your spell library contained the following spells:

 Spells                   Type           Power      Damage    Failure   Level
 Searing Ray              Conj           6%         2d4       73%         2
 Static Discharge         Conj/Air       1%         N/A       83%         2
 Corpse Rot               Necr/Air       0%         N/A       91%         2
 Dispel Undead            Necr           0%         3d6       100%        4
 Fulminant Prism          Conj/Hex       0%         3d6       100%        4
 Lightning Bolt           Conj/Air       0%         1d11      100%        5
 Death Channel            Necr           0%         N/A       100%        6
 Maxwell's Capacitive Co  Air            0%         ∞         100%        8


Dungeon Overview and Level Annotations

Branches:
Dungeon (4/15)
 Temple: D:4-7

Altars:
Vehumet
Xom
Yredelemnul


Message History

The howler monkey hits you.
* * * LOW HITPOINT WARNING * * *
An endoplasm comes into view.
You block the kobold's attack.
It was a potion of curing.
You feel better.
Xom thinks this is hilarious!
The endoplasm quivers.
The howler monkey barely misses you. The kobold barely misses you.
You slash the howler monkey!
The howler monkey is heavily wounded.
You completely miss the kobold.
The howler monkey hoots and howls with incredible vigour!
A goblin comes into view.
It is wielding a +0 club and quivering poisoned darts.
The kobold barely misses you. The howler monkey closely misses you.
You hear a shout! x2; You hear an angry hiss. x2
An ogre comes into view. It is wielding a +0 giant spiked club.
The howler monkey closely misses you.
An orc comes into view. It is wielding a +0 morningstar.
The orc shouts!
The goblin throws a poisoned dart.
The poisoned dart hits you!
You are poisoned.
You feel sick.
A kobold comes into view. It is wielding a +0 club.
The endoplasm freezes you.
You are frozen.
* * * LOW HITPOINT WARNING * * *
You feel sick.
The kobold throws a stone.
The stone hits you but does no damage.
The howler monkey completely misses you.
There is a stone staircase leading up here.
You feel sick. The howler monkey hits you.
* * * LOW HITPOINT WARNING * * *
The kobold hits you with a +0 short sword.
* * * LOW HITPOINT WARNING * * *
The endoplasm freezes you.
You are frozen.
* * * LOW HITPOINT WARNING * * *
The kobold throws a stone.
The stone hits you.
You die...
Xom thinks this is hilarious!

#.... .... ## #...
..# ## ### ... ..#
# ...#..#
..##..##.. ......(
.........
.......####........
........K........#
......o@h......###
........J.......#
....!..O.g.......#
.........#........#
.........#.........
...................
≈..................
≈....KJ...........
.#........ ....


You could see an ogre, a howler monkey, an orc, 2 endoplasms, a goblin and 2
kobolds.

Vanquished Creatures
  A bullfrog skeleton (D:2)
  An orc priest (D:3)
  An iguana (D:4)
  An adder (D:3)
  A worm (D:2)
  4 dart slugs
  6 orcs (D:3)
  6 bats
  2 endoplasms
  2 giant cockroaches
  9 goblins
  4 hobgoblins
  A quokka (D:1)
  7 ball pythons
  3 frilled lizards
  5 kobolds (D:1)
  5 rats
59 creatures vanquished.

Vanquished Creatures (others)
  A necrophage (D:4)
  5 plants (D:1)
6 creatures vanquished.

Grand Total: 65 creatures vanquished

Notes
Turn   | Place    | Note
-------+----------+-------------------------------------------
     0 | D:1      | mcbry74 the Hill Orc Fighter began the quest for the Orb.
     0 | D:1      | Reached XP level 1. HP: 19/19 MP: 1/1
   262 | D:1      | Reached XP level 2. HP: 27/27 MP: 2/2
   663 | D:1      | Reached XP level 3. HP: 33/33 MP: 3/3
  1067 | D:2      | Reached XP level 4. HP: 40/40 MP: 4/4
  1079 | D:2      | Found a faded altar of an unknown god.
  1087 | D:2      | Prayed at the altar of an unknown god.
  1087 | D:2      | Became a worshipper of Xom the Less-Predictable
  1114 | D:2      | Learned a level 1 spell: Magic Dart
  1958 | D:3      | Found a radiant altar of Vehumet.
  2186 | D:3      | Reached skill level 1 in Conjurations
  2262 | D:3      | XOM: 2-stop teleportation journey
  2495 | D:3      | XOM: cast spell 'Statue Form'
  2499 | D:3      | Reached XP level 5. HP: 46/46 MP: 5/5
  2722 | D:3      | Found a basalt altar of Yredelemnul.
  2836 | D:4      | Noticed a necrophage
  2837 | D:4      | Killed a necrophage
  2837 | D:4      | XOM: divine lightning
  2853 | D:4      | Noticed an ogre
  2857 | D:4      | HP: 1/46 [frozen (5)]
  2857 | D:4      | Hit by a stone thrown by a kobold

Illustrated notes

Levels and vault maps discovered:
D:1:      psy_arrival_spokes, layout_basic, serial_bayou_ford_a
D:2:      layout_loops_ring, chequers_ecumenical_altar_simple,
          nicolae_underground_beach
D:3:      layout_loops_ring, mainiacjoe_overflow_six_doors_small,
          vehumet_crystals
D:4:      layout_cave_pools, nicolae_sif_muna_condensation, temple_green,
          serial_shops, shop, chequers_arboretum

Skill      XL: |  1  2  3  4 |
---------------+-------------+-----
Axes           | 3 4 |  4.6
Fighting       | 4 |  4.0
Armour         | 4 |  4.5
Shields        | 4 |  4.0
Conjurations   | 1 |  1.6

Action                   |  1- 3 |  4- 6 || total
-------------------------+-------+-------++-------
Melee: War axe           |    70 |   103 ||   173
  Use: Potion            |       |     1 ||     1
Armor: Scale mail        |    30 |    37 ||    67
       Skin              |       |     2 ||     2
Dodge: Dodged            |    37 |    60 ||    97
Block: Buckler           |    16 |    16 ||    32
